 Dungeon Crawl Stone Soup version 0.28.0-1-gb440e238dd (webtiles) character file.

Game seed: 6872543978925160854

98 croobank the Firebug (level 4, 0/33 HPs)
             Began as a Draconian Fire Elementalist on Feb 21, 2022.
             Killed by divine providence
             ... invoked by an orc priest
              (14 damage)
             ... on level 3 of the Dungeon.
             The game lasted 00:08:38 (2794 turns).

croobank the Firebug (Draconian Fire Elementalist)  Turns: 2794, Time: 00:08:38

Health: 0/33       AC:  6    Str: 10    XL:     4   Next: 43%
Magic:  0/7        EV: 12    Int: 17    God:
Gold:   118        SH:  0    Dex: 12    Spells: 1/8 levels left

rFire   + . .      SeeInvis .   a - staff of fire
rCold   . . .      Faith    .   (no shield)
rNeg    . . .      Spirit   .   (armour unavailable)
rPois   .          Reflect  .   (helmet restricted)
rElec   .          Harm     .   (no cloak)
rCorr   .          Rampage  .   (no gloves)
Will    .....                   m - +0 pair of boots
Stlth   ++........              (no amulet)
HPRegen 0.11/turn               (no ring)
MPRegen 0.10/turn               (no ring)

@: no status effects
A: AC +5, unfitting armour, cold-blooded
a: no special abilities


You were on level 3 of the Dungeon.
You visited 1 branch of the dungeon, and saw 3 of its levels.

You collected 118 gold pieces.

Inventory:

Hand Weapons
 b - a +0 hunting sling of flaming
 g - a +0 mace
Missiles
 i - 18 bolts
 k - 11 stones
Armour
 m - a +0 pair of boots (worn)
Magical Staves
 a - a staff of fire (weapon)
Scrolls
 d - a scroll of blinking {unknown}
 e - a scroll of brand weapon
 j - 2 scrolls of identify {unknown}
 l - a scroll of amnesia {unknown}
 n - 2 scrolls of teleportation {unknown}
 o - a scroll of enchant armour {unknown}
Potions
 c - a potion of mutation {unknown}
 f - 2 potions of curing {unknown}
 h - a potion of heal wounds {unknown}


   Skills:
 + Level 2.4 Dodging
 + Level 2.5 Stealth
 + Level 2.6 Spellcasting
 + Level 2.0 Conjurations
 + Level 3.5 Fire Magic


You had one spell level left.
You knew the following spells:

 Your Spells              Type           Power      Damage    Failure   Level
a - Foxfire               Conj/Fire      68%        2x1d7     6%          1
b - Scorch                Fire           42%        2d7       6%          2
c - Flame Wave            Conj/Fire      17%        2d6       50%         4

Your spell library contained the following spells:

 Spells                   Type           Power      Damage    Failure   Level
 Conjure Flame            Conj/Fire      17%        6-21      17%         3
 Inner Flame              Hex/Fire       12%        N/A       26%         3


Dungeon Overview and Level Annotations

Branches:
Dungeon (3/15)

Altars:

Shops:
D:1 ?


Innate Abilities, Weirdness & Mutations

Your plain brown scales are hard. (AC +5)
You cannot fit into any form of body armour.
You are cold-blooded and may be slowed by cold attacks.


Message History

You are very lightly contaminated with residual magic.
Nothing appears to happen.
The orc hits you with a +0 club. The orc hits you with a +0 dagger.
Casting: Foxfire (safe; 6% risk of failure)
Confirm with . or Enter, or press ? or * to list all spells.
You feel a surge of power!
Flames lash the orc.
You kill the orc!
The orc hits you with a +0 dagger.
Casting: Scorch (safe; 6% risk of failure)
Confirm with . or Enter, or press ? or * to list all spells.
You feel a surge of power!
Flames lash the orc.
You kill the orc!
The orc priest calls down the wrath of Beogh upon you.
Pain shoots through your body!
Casting: Scorch (safe; 6% risk of failure)
Confirm with . or Enter, or press ? or * to list all spells.
You feel a surge of power!
Flames lash the orc priest.
The orc priest is heavily wounded.
The orc priest's fire resistance burns away.
The orc priest misses you.
Okay, then.
Okay, then.
Your magical contamination has completely faded away.
Casting: Scorch (safe; 6% risk of failure)
Confirm with . or Enter, or press ? or * to list all spells.
You feel a surge of power!
You conjure some foxfire!
The orc priest closely misses you.
The foxfire hits the orc priest.
The orc priest is severely wounded.
The orc priest hits you but does no damage.
The foxfire hits the orc priest.
The orc priest is severely wounded.
You closely miss the orc priest.
The orc priest is severely wounded.
The orc priest barely misses you.
You barely miss the orc priest.
The orc priest is severely wounded.
The orc priest mumbles some strange prayers to Beogh against you.
Beogh smites you!
You die...

..# #.# #.# #.# #.# #.#
#.# #######.######.# #
............##.#####.#
######.###.##.......#
#######...#...........#
#..........).o@........
###.#####...#..##.......#
....# ##.##..##........
##### #.##..##.##.####
#.##))......#
#...)....#..# ####$#####
#.# #.#


You could see an orc priest.

Vanquished Creatures
  4 adders
  3 dart slugs
  3 orcs (D:3)
  A bat (D:1)
  5 endoplasms
  6 hobgoblins
  2 jackals (D:1)
  8 kobolds
  5 quokkas (D:1)
  3 ball pythons
  5 frilled lizards
  3 goblins
  3 rats
51 creatures vanquished.

Vanquished Creatures (others)
  82 foxfires
82 creatures vanquished.

Grand Total: 133 creatures vanquished

Notes
Turn   | Place    | Note
-------+----------+-------------------------------------------
     0 | D:1      | croobank the Draconian Fire Elementalist began the quest
                  | for the Orb.
     0 | D:1      | Reached XP level 1. HP: 14/14 MP: 3/3
    17 | D:1      | Found Akexubuu's Magic Scroll Boutique.
   511 | D:1      | Reached XP level 2. HP: 20/20 MP: 0/5
   940 | D:1      | Learned a level 2 spell: Scorch
  1220 | D:1      | Reached XP level 3. HP: 26/26 MP: 4/6
  1652 | D:2      | Identified a scroll of acquirement
  1652 | D:2      | Acquired a staff of fire
  1673 | D:2      | Found a faded altar of an unknown god.
  2155 | D:2      | Reached XP level 4. HP: 33/33 MP: 4/7
  2161 | D:2      | Learned a level 4 spell: Flame Wave
  2794 | D:3      | Killed from afar by an orc priest

Illustrated notes

Levels and vault maps discovered:
D:1:      dpeg_arrival_leaves_temple_mockup, layout_loops_ring, serial_rivers,
          chequers_serial_rivers_small_b, chequers_serial_rivers_micro_b,
          chequers_serial_rivers_micro_b, chequers_serial_rivers_small_3,
          chequers_serial_rivers_large_a, serial_shops, shop,
          minmay_tetromino_i4
D:2:      layout_basic, dreamdust_ecumenical_altar_statues,
          grunt_decor_mini_mirrors, st_stairs_8
D:3:      layout_loops_ring, grunt_temple_overflow_lords_of_destruction

Skill      XL: |  1  2  3  4 |
---------------+-------------+-----
Stealth        | 2 |  2.5
Dodging        | 2 |  2.4
Conjurations   | 2 |  2.0
Spellcasting   | |  2.6
Fire Magic     | |  3.5

Action                   |  1- 3 |  4- 6 || total
-------------------------+-------+-------++-------
Melee: Unarmed           |    40 |       ||    40
       Tailslap          |    11 |       ||    11
       Mace              |     4 |       ||     4
       Punch             |     1 |       ||     1
       Staff             |     8 |     4 ||    12
 Cast: Foxfire           |    38 |    12 ||    50
       Scorch            |     7 |     6 ||    13
  Use: Scroll            |     2 |       ||     2
 Stab: Sleeping          |     2 |       ||     2
Armor: Skin              |    14 |     1 ||    15
Dodge: Dodged            |    46 |     7 ||    53
